AoeStats
← 体制少妇白洁

Coastal Forest

503117643Analyzed
4v4 RM · 1mo ago on Aug 30, 2026· 25m 49s· 8 players
Game mode
Random Map
Map size
Large (8 player)
Population
200
Speed
Normal
Resources
Standard
Victory
Conquest
Starting age
Dark Age
Ending age
Imperial Age
RankedLock teamsTeams togetherTeam positionsShared explorationLock speedFull tech treeHidden civsTurbo modeCheats
Victory
Defeat
🇭🇰 Persians · Hong Kong SAR China
1568
+10
🇨🇳 Dravidians · China
1448
+15
🇨🇳 Vikings · China
1426
+16
🇨🇳 Vietnamese · China
1303
+21
🇧🇪 Berbers · Belgium
1440
-16
🇨🇳 Slavs · China
1437
-16
🇻🇳 Italians · Vietnam
1420
-15
🇳🇴 Khmer · Norway
1399
-14
New Villager
6:32 Loom
9:22 Feudal Age
10:07 Double-Bit Axe
10:03 Horse Collar
15:32 Wheelbarrow
16:35 Bloodlines
22:30 Scale Barding Armor
22:36 Forging
25:37 Castle Age
24:57 Fletching
Kilian
10:13 Feudal Age
11:41 Loom
17:08 Castle Age
16:13 Forging
15:57 Double-Bit Axe
18:57 Medium Warships
21:26 Bow Saw
22:55 Horse Collar
Bis
3:00 Loom
11:55 Feudal Age
14:25 Double-Bit Axe
17:44 Horse Collar
21:32 Castle Age
21:04 Fletching
21:01 Fishing Lines
wen
7:09 Loom
9:19 Feudal Age
10:11 Double-Bit Axe
10:47 Horse Collar
16:13 Wheelbarrow
19:26 Scale Barding Armor
23:05 Castle Age
21:57 Bloodlines
22:03 Forging
24:17 Chain Barding Armor
24:10 Bow Saw
25:51 Iron Casting
25:42 Husbandry
体制少妇白洁
6:34 Loom
9:16 Feudal Age
9:41 Double-Bit Axe
10:03 Horse Collar
17:37 Wheelbarrow
20:26 Castle Age
19:30 Bloodlines
19:14 Gold Mining
19:23 Fletching
20:02 Padded Archer Armor
21:10 Bodkin Arrow
21:31 Bow Saw
22:42 Husbandry
25:26 Ballistics
YiTiaoQu
7:11 Loom
9:16 Feudal Age
10:01 Double-Bit Axe
12:23 Forging
12:26 Scale Barding Armor
13:54 Horse Collar
15:11 Forging
17:26 Wheelbarrow
20:58 Castle Age
19:27 Gold Mining
21:43 Husbandry
21:49 Husbandry
22:35 Bow Saw
doro想吃orange
6:10 Loom
9:01 Feudal Age
9:35 Double-Bit Axe
13:00 Fletching
18:58 Padded Archer Armor
21:39 Wheelbarrow
20:50 Horse Collar
25:08 Castle Age
23:24 Gold Mining
25:11 Crossbowman
25:50 Bodkin Arrow
instant cereal
12:00 Feudal Age
12:38 Double-Bit Axe
12:40 Fishing Lines
13:05 Loom
17:03 Castle Age
14:55 Gold Mining
14:56 Fletching
15:17 Forging
16:13 Horse Collar
17:54 Bodkin Arrow
18:11 Bow Saw
19:59 Medium Warships
21:14 Gillnets
21:45 Town Watch
22:02 Heavy Plow
22:50 Ballistics
23:21 Iron Casting
24:21 Clinker Construction
24:58 Careening
Connection lost

Rejoining the realm…

Still unreachable

The connection could not be restored.

Session expired

The server has moved on; the page needs a fresh start.